ITL
TOPEKA TORNADOS @ CHATTANOOGA CHINPOKOMON
09/16/2028
 
TOP OF THE 1ST
Topeka Tornados batting - Pitching for Chattanooga Chinpokomon : RHP Juan Moreno
Pitching: RHP Juan Moreno
Batting: SHB Javier Peña 0-0: Ball
1-0: Swinging Strike
1-1: Ball
2-1: Ball
3-1: Foul Ball, location: 2F
3-2: Foul Ball, location: 2F
3-2: Foul Ball, location: 2F
3-2: Base on Balls
Batting: LHB Bill Frazier 0-0: Ball
Javier Peña is caught stealing 2nd base
1-0: Swinging Strike
1-1: Swinging Strike
1-2: Foul Ball, location: 2F
1-2: Ball
2-2: Ball
3-2: Fly out, F9 (Flyball, 9S)
Batting: RHB Bob Hall 0-0: Called Strike
0-1: Fly out, F8 (Flyball, 8LS)
Top of the 1st over - 0 run(s), 0 hit(s), 0 error(s), 0 left on base; Topeka 0 - Chattanooga 0
BOTTOM OF THE 1ST
Chattanooga Chinpokomon batting - Pitching for Topeka Tornados : RHP José López
Pitching: RHP José López
Batting: RHB Ben Barker 0-0: Ball
1-0: Foul Ball, location: 2F
1-1: Foul Ball, location: 2F
1-2: Fly out, F6 (Line Drive, 56D)
Batting: RHB Jeffrey Hicks 0-0: Called Strike
0-1: Ball
1-1: Ball
2-1: Ground out 6-3 (Groundball, 6)
Batting: RHB Ramiro Chávez 0-0: SINGLE (Groundball, 56D)
Batting: RHB Jesús Tisnado 0-0: Ball
1-0: 2-RUN HOME RUN (Flyball, 89XD), Distance : 397 ft
Batting: RHB Luis Antonio Velásquez 0-0: Ball
1-0: Ball
2-0: DOUBLE (Line Drive, 9LM)
Batting: RHB Irving Galloway 0-0: Ground out 6-3 (Groundball, 6M)
Bottom of the 1st over - 2 run(s), 3 hit(s), 0 error(s), 1 left on base; Topeka 0 - Chattanooga 2
TOP OF THE 2ND
Topeka Tornados batting - Pitching for Chattanooga Chinpokomon : RHP Juan Moreno
Batting: LHB Edward Rose 0-0: Ball
1-0: Ball
2-0: Swinging Strike
2-1: Called Strike
2-2: Foul Ball, location: 2F
2-2: Ground out 6-3 (Groundball, 6)
Batting: RHB Santiago Morales 0-0: Called Strike
0-1: Ball
1-1: Ball
2-1: Ball
3-1: Foul Ball, location: 2F
3-2: Foul Ball, location: 2F
3-2: Base on Balls
Batting: LHB Tom Robinson 0-0: Ball
1-0: Foul Ball, location: 2F
1-1: Called Strike
1-2: Ball
2-2: Ball
3-2: Base on Balls
Santiago Morales to second
Batting: RHB Ed Watkins 0-0: Called Strike
0-1: Ball
1-1: Ball
2-1: Ball
3-1: Called Strike
3-2: Foul Ball, location: 2F
3-2: Base on Balls
Santiago Morales to third
Tom Robinson to second
Batting: RHB Dave Henderson 0-0: Fly out, F9 (Flyball, 89S)
Batting: RHB Dave Boom 0-0: Called Strike
0-1: Ball
1-1: Foul Ball, location: 2F
1-2: Foul Ball, location: 2F
1-2: Ball
2-2: Strikes out swinging
Top of the 2nd over - 0 run(s), 0 hit(s), 0 error(s), 3 left on base; Topeka 0 - Chattanooga 2
BOTTOM OF THE 2ND
Chattanooga Chinpokomon batting - Pitching for Topeka Tornados : RHP José López
Batting: RHB Ichizo Akiyama 0-0: Called Strike
0-1: Fly out, F8 (Flyball, 8RS)
Batting: RHB José Martínez 0-0: Ball
1-0: Called Strike
1-1: Ball
2-1: SINGLE (Groundball, 6MD)
Batting: LHB Martin Davis 0-0: Called Strike
0-1: Foul Ball, location: 2F
0-2: Ball
1-2: Strikes out looking
Batting: RHB Ben Barker 0-0: Ball
1-0: Foul Ball, location: 2F
1-1: Ball
2-1: Swinging Strike
2-2: Foul Ball, location: 2F
2-2: Ball
3-2: Base on Balls
José Martínez to second
Batting: RHB Jeffrey Hicks 0-0: SINGLE (Groundball, 34D)
José Martínez to third
Ben Barker to second
Runner from 3rd tries for Home, SAFE, no throw
Batting: RHB Ramiro Chávez 0-0: Foul Ball, location: 2F
0-1: Ball
1-1: Fielders Choice at 2nd, 4-6 (Groundball, 4)
Bottom of the 2nd over - 1 run(s), 2 hit(s), 0 error(s), 1 left on base; Topeka 0 - Chattanooga 3
TOP OF THE 3RD
Topeka Tornados batting - Pitching for Chattanooga Chinpokomon : RHP Juan Moreno
Batting: SHB Javier Peña 0-0: Fly out, F4 (Popup, 34D)
Batting: LHB Bill Frazier 0-0: Called Strike
0-1: Ground out 4-3 (Groundball, 4)
Batting: RHB Bob Hall 0-0: Ball
1-0: Ball
2-0: Foul Ball, location: 2F
2-1: Ball
3-1: Base on Balls
Batting: LHB Edward Rose 0-0: Ball
1-0: Ball
2-0: Ball
3-0: Called Strike
3-1: Fielders Choice at 2nd, 4-6 (Groundball, 4)
Top of the 3rd over - 0 run(s), 0 hit(s), 0 error(s), 0 left on base; Topeka 0 - Chattanooga 3
BOTTOM OF THE 3RD
Chattanooga Chinpokomon batting - Pitching for Topeka Tornados : RHP José López
Batting: RHB Jesús Tisnado 0-0: Swinging Strike
0-1: Called Strike
0-2: Ball
1-2: SINGLE (Line Drive, 78S)
Batting: RHB Luis Antonio Velásquez 0-0: Ball
1-0: Ball
2-0: Ball
3-0: Called Strike
3-1: Foul Ball, location: 2F
3-2: 2-RUN HOME RUN (Flyball, 7D), Distance : 384 ft
Batting: RHB Irving Galloway 0-0: Ball
1-0: Fly out, F8 (Flyball, 78M)
Batting: RHB Ichizo Akiyama 0-0: Ball
1-0: Called Strike
1-1: Ball
2-1: Swinging Strike
2-2: Ground out 5-3 (Groundball, 56S)
Batting: RHB José Martínez 0-0: Ball
1-0: Called Strike
1-1: Foul Ball, location: 2F
1-2: Ground out 4-3 (Groundball, 4M)
Bottom of the 3rd over - 2 run(s), 2 hit(s), 0 error(s), 0 left on base; Topeka 0 - Chattanooga 5
TOP OF THE 4TH
Topeka Tornados batting - Pitching for Chattanooga Chinpokomon : RHP Juan Moreno
Batting: RHB Santiago Morales 0-0: Ball
1-0: Ball
2-0: Called Strike
2-1: Ball
3-1: Base on Balls
Batting: LHB Tom Robinson 0-0: Called Strike
0-1: Hit by Pitch
Santiago Morales to second
Batting: RHB Ed Watkins 0-0: Ball
1-0: Swinging Strike
1-1: Ground out 5-3 (Groundball, 56S)
Santiago Morales to third
Tom Robinson to second
Batting: RHB Dave Henderson 0-0: Called Strike
0-1: Ball
1-1: Called Strike
1-2: Ball
2-2: Strikes out swinging
Batting: RHB Dave Boom 0-0: Called Strike
0-1: Ball
Balk!
Santiago Morales scores
Tom Robinson to third
1-1: SINGLE (Groundball, 6MD)
Tom Robinson scores
Batting: SHB Javier Peña 0-0: Called Strike
0-1: Foul Ball, location: 2F
0-2: Strikes out swinging
Top of the 4th over - 2 run(s), 1 hit(s), 0 error(s), 1 left on base; Topeka 2 - Chattanooga 5
BOTTOM OF THE 4TH
Chattanooga Chinpokomon batting - Pitching for Topeka Tornados : RHP José López
Batting: LHB Martin Davis 0-0: Ball
1-0: Foul Ball, location: 2F
1-1: Called Strike
1-2: Ball
2-2: Fly out, F8 (Flyball, 89M)
Batting: RHB Ben Barker 0-0: Called Strike
0-1: Ball
1-1: Ball
2-1: Ball
3-1: Base on Balls
Batting: RHB Jeffrey Hicks 0-0: Ball
1-0: Called Strike
1-1: Swinging Strike
1-2: Ground out 6-3 (Groundball, 6)
Ben Barker to second
Batting: RHB Ramiro Chávez 0-0: Fly out, F9 (Flyball, 89S)
Bottom of the 4th over - 0 run(s), 0 hit(s), 0 error(s), 1 left on base; Topeka 2 - Chattanooga 5
TOP OF THE 5TH
Topeka Tornados batting - Pitching for Chattanooga Chinpokomon : RHP Juan Moreno
Batting: LHB Bill Frazier 0-0: Called Strike
0-1: Swinging Strike
0-2: Strikes out swinging
Batting: RHB Bob Hall 0-0: Fly out, F4 (Popup, 4)
Batting: LHB Edward Rose 0-0: SINGLE (Groundball, 6MD)
Batting: RHB Santiago Morales 0-0: Ball
1-0: Ball
2-0: Foul Ball, location: 2F
2-1: Foul Ball, location: 2F
2-2: Strikes out swinging
Top of the 5th over - 0 run(s), 1 hit(s), 0 error(s), 1 left on base; Topeka 2 - Chattanooga 5
BOTTOM OF THE 5TH
Chattanooga Chinpokomon batting - Pitching for Topeka Tornados : RHP José López
Pitching: LHP Craig Sturdy
Batting: RHB Jesús Tisnado 0-0: Ball
1-0: Ball
2-0: Foul Ball, location: 2F
2-1: Fly out, F2 (Popup, 23)
Batting: RHB Luis Antonio Velásquez 0-0: Ball
1-0: Ball
2-0: Called Strike
2-1: Ground out 5-3 (Groundball, 56S)
Batting: RHB Irving Galloway 0-0: Ball
1-0: Ground out 5-3 (Groundball, 56S)
Bottom of the 5th over - 0 run(s), 0 hit(s), 0 error(s), 0 left on base; Topeka 2 - Chattanooga 5
TOP OF THE 6TH
Topeka Tornados batting - Pitching for Chattanooga Chinpokomon : RHP Juan Moreno
Pitching: LHP Jeff Hardin
Batting: LHB Tom Robinson 0-0: Ball
1-0: Ball
2-0: Called Strike
2-1: Ground out 6-3 (Groundball, 6)
Batting: RHB Ed Watkins 0-0: Called Strike
0-1: Ball
1-1: Called Strike
1-2: SINGLE (Groundball, 56D)
Batting: RHB Dave Henderson 0-0: Foul Ball, location: 2F
0-1: Fly out, F7 (Line Drive, 78M)
Batting: RHB Dave Boom 0-0: Ball
1-0: Foul Ball, location: 2F
1-1: Foul Ball, location: 2F
1-2: Ball
2-2: Ground out 6-3 (Groundball, 6S)
Top of the 6th over - 0 run(s), 1 hit(s), 0 error(s), 1 left on base; Topeka 2 - Chattanooga 5
BOTTOM OF THE 6TH
Chattanooga Chinpokomon batting - Pitching for Topeka Tornados : LHP Craig Sturdy
Batting: RHB Ichizo Akiyama 0-0: Called Strike
0-1: Ground out 6-3 (Groundball, 6)
Batting: RHB José Martínez 0-0: Called Strike
0-1: Ball
1-1: Ball
2-1: Ball
3-1: Called Strike
3-2: Foul Ball, location: 2F
3-2: Fly out, F9 (Flyball, 9S)
Batting: LHB Martin Davis 0-0: Ball
1-0: Ball
2-0: Called Strike
2-1: Ball
3-1: Bunted foul
3-2: Strikes out swinging
Bottom of the 6th over - 0 run(s), 0 hit(s), 0 error(s), 0 left on base; Topeka 2 - Chattanooga 5
TOP OF THE 7TH
Topeka Tornados batting - Pitching for Chattanooga Chinpokomon : LHP Jeff Hardin
Batting: SHB Javier Peña 0-0: Ground out U3 (Groundball, 34)
Batting: LHB Bill Frazier 0-0: Ball
1-0: Ball
2-0: Ball
3-0: Base on Balls
Batting: RHB Bob Hall 0-0: Called Strike
0-1: Foul Ball, location: 2F
0-2: Strikes out swinging
Batting: LHB Edward Rose 0-0: Ball
1-0: Foul Ball, location: 2F
1-1: Fielders Choice at 2nd, 4-6 (Groundball, 4)
Top of the 7th over - 0 run(s), 0 hit(s), 0 error(s), 0 left on base; Topeka 2 - Chattanooga 5
BOTTOM OF THE 7TH
Chattanooga Chinpokomon batting - Pitching for Topeka Tornados : LHP Craig Sturdy
Batting: RHB Ben Barker 0-0: Ball
1-0: Ball
2-0: Foul Ball, location: 2F
2-1: Foul Ball, location: 2F
2-2: Ball
3-2: Ground out 6-3 (Groundball, 6)
Batting: RHB Jeffrey Hicks 0-0: Ball
1-0: Ball
2-0: SINGLE (Flyball, 8RS)
Batting: RHB Ramiro Chávez 0-0: Called Strike
0-1: Ball
1-1: 2-RUN HOME RUN (Flyball, 8LXD), Distance : 425 ft
Pitching: LHP Pedro Vega
Batting: RHB Jesús Tisnado 0-0: Ball
1-0: Ball
2-0: Ball
3-0: Called Strike
3-1: Fly out, F7 (Line Drive, 7)
Batting: RHB Luis Antonio Velásquez 0-0: Ball
1-0: Ball
2-0: Ball
3-0: Called Strike
3-1: Foul Ball, location: 2F
3-2: Foul Ball, location: 2F
3-2: SOLO HOME RUN (Flyball, 7LD), Distance : 342 ft
Batting: RHB Irving Galloway 0-0: Ball
1-0: Called Strike
1-1: Ball
2-1: Called Strike
2-2: Ball
3-2: SINGLE (Line Drive, 7LS)
Batting: RHB Ichizo Akiyama 0-0: Called Strike
0-1: Fly out, F8 (Flyball, 8LD)
Bottom of the 7th over - 3 run(s), 4 hit(s), 0 error(s), 1 left on base; Topeka 2 - Chattanooga 8
TOP OF THE 8TH
Topeka Tornados batting - Pitching for Chattanooga Chinpokomon : LHP Jeff Hardin
Now at 1B: Yasutoki Kojima
Now at SS: Fernando Pérez
Batting: RHB Santiago Morales 0-0: Ball
1-0: Ball
2-0: Called Strike
2-1: Foul Ball, location: 2F
2-2: Ball
3-2: SINGLE (Groundball, 6MD)
Batting: LHB Tom Robinson 0-0: Called Strike
0-1: Foul Ball, location: 2F
0-2: Ball
1-2: Ball
2-2: Fly out, F8 (Flyball, 8RM)
Batting: RHB Ed Watkins 0-0: Swinging Strike
0-1: Foul Ball, location: 2F
0-2: Strikes out swinging
Batting: RHB Dave Henderson 0-0: DOUBLE (Line Drive, 7LD)
Santiago Morales to third
Runner from 3rd tries for Home, SAFE, no throw
Batting: RHB Dave Boom 0-0: Foul Ball, location: 2F
0-1: Swinging Strike
0-2: Ball
1-2: Ball
2-2: Strikes out swinging
Top of the 8th over - 1 run(s), 2 hit(s), 0 error(s), 1 left on base; Topeka 3 - Chattanooga 8
BOTTOM OF THE 8TH
Chattanooga Chinpokomon batting - Pitching for Topeka Tornados : LHP Pedro Vega
Batting: RHB José Martínez 0-0: Called Strike
0-1: Ball
1-1: SINGLE (Flyball, 89S)
Batting: LHB Martin Davis 0-0: Ball
1-0: Foul Ball, location: 2F
1-1: SINGLE (Line Drive, 6M)
José Martínez to second
Batting: RHB Ben Barker 0-0: Ball
1-0: Sac Bunt - play at third, runner OUT! 1-6
Martin Davis to second
Batting: RHB Jeffrey Hicks 0-0: Ball
1-0: Ball
2-0: Called Strike
2-1: Swinging Strike
2-2: Foul Ball, location: 2F
2-2: Fly out, F5 (Popup, 56)
Batting: RHB Ramiro Chávez 0-0: Ball
1-0: Ball
2-0: Called Strike
2-1: Ball
3-1: Called Strike
3-2: Base on Balls
Martin Davis to third
Ben Barker to second
Batting: RHB Yasutoki Kojima 0-0: Ground out 1-3 (Groundball, 15S)
Bottom of the 8th over - 0 run(s), 2 hit(s), 0 error(s), 3 left on base; Topeka 3 - Chattanooga 8
TOP OF THE 9TH
Topeka Tornados batting - Pitching for Chattanooga Chinpokomon : LHP Jeff Hardin
Batting: SHB Javier Peña 0-0: Ball
1-0: Swinging Strike
1-1: Ball
2-1: Swinging Strike
2-2: Ball
3-2: Foul Ball, location: 2F
3-2: Base on Balls
Pitching: LHP Félix García
Batting: LHB Bill Frazier 0-0: Ball
1-0: Grounds into double play, 4-6-3 (Groundball, 4)
Batting: RHB Bob Hall 0-0: Ball
1-0: Swinging Strike
1-1: Ground out 4-3 (Groundball, 4)
Top of the 9th over - 0 run(s), 0 hit(s), 0 error(s), 0 left on base; Topeka 3 - Chattanooga 8
Tuesday, August 8th, 2017 - OOTP Baseball 17.12 Build 75